Map: King's Cove LE

Players

MaNa

  • Race: Protoss Protoss
  • Spawn Location: 5:00

Kelazhur - Winner!

  • Race: Terran Terran
  • Spawn Location: 11:00

Event: 2019 WCS Spring

VOD

Have the link to the VOD?

Description

Time

  • Played on: May 18, 2019, 7:15 a.m.
  • Length: 16:14

All games in this series

Show
View Real Time Build Order
Export as new Build Order

MaNa Protoss 

Build Orders: 1 Gate Expand, Oracle Opening, Phoenix Opening 

Get SALT Encoding   

  12  0:00  Probe  
  13  0:12  Probe  
  14  0:18  Pylon  
  14  0:24  Probe  
  15  0:32  Probe  
  15  0:37  Gateway  
  15  0:40  Probe  
  16  0:47  Assimilator  
  17  0:51  Probe  
  18  1:03  Probe  
  19  1:15  Probe  
  20  1:25  Cybernetics Core  
  20  1:34  Nexus  
  20  1:37  Probe  
  21  1:45  Assimilator  
  21  1:51  Adept  
  22  1:55  Pylon  
  23  2:13  Probe  
  23  2:14  Adept  
  24  2:18  Stargate  
  24  2:25  Probe  
  27  2:33  Warp Gate  
  27  2:37  Probe  
  28  2:44  Adept  
  28  2:46  Probe  
  28  2:50  Probe  
  32  2:53  Oracle  
  32  2:58  Probe  
  32  3:02  Probe  
  37  3:11  Probe  
  38  3:14  Probe  
  39  3:23  Phoenix, Probe  
  39  3:26  Probe  
  41  3:35  Probe  
  41  3:37  Pylon  
  41  3:38  Probe  
  43  3:46  Gateway x2  
  43  3:47  Phoenix  
  45  3:56  Probe  
  45  3:57  Probe  
  47  4:08  Probe  
  47  4:09  Probe  
  49  4:11  Phoenix  
  50  4:20  Probe  
  50  4:21  Probe  
  52  4:27  Pylon  
  52  4:32  Probe  
  52  4:33  Probe  
  53  4:44  Probe  
  53  4:45  Phoenix, Probe  
  57  4:56  Probe  
  57  4:57  Probe  
  59  5:01  Assimilator  
  59  5:05  Assimilator, Robotics Facility  
  58  5:08  Adept x2  
  62  5:17  Pylon  
  62  5:18  Pylon  
  62  5:27  Pylon  
  62  5:32  Forge  
  62  5:35  Phoenix, Probe x2  
  65  5:46  Stalker x2  
  65  5:47  Probe x2  
  65  5:54  Observer  
  66  5:57  Robotics Bay  
  66  5:59  Probe  
  66  6:01  Nexus  
  66  6:03  Probe  
  68  6:09  Probe  
  68  6:11  Probe  
  68  6:17  Immortal  
  68  6:20  Probe  
  68  6:21  Probe  
  68  6:22  Protoss Ground Armor Level 1  
  74  6:29  Sentry  
  74  6:30  Probe  
  74  6:31  Probe  
  77  6:36  Twilight Council  
  78  6:42  Probe  
  78  6:43  Probe  
  80  6:50  Pylon  
  80  6:51  Colossus  
  82  7:05  Probe  
  88  7:08  Probe  
  88  7:10  Observer  
  88  7:13  Probe  
  88  7:15  Blink  
  89  7:17  Extended Thermal Lance, Probe  
  89  7:20  Assimilator, Probe  
  89  7:22  Assimilator  
  91  7:25  Probe  
  91  7:28  Phoenix  
  95  7:30  Probe  
  95  7:32  Probe  
  95  7:33  Zealot x2  
  100  7:37  Probe  
  100  7:40  Colossus  
  100  7:41  Shield Battery  
  102  7:47  Stalker  
  109  8:10  Probe x2  
  104  8:12  Stalker x2  
  104  8:18  Stalker  
  104  8:19  Probe  
  107  8:22  Probe x2  
  107  8:25  Photon Cannon  
  109  8:27  Shield Battery  
  109  8:33  Protoss Ground Weapons Level 1  
  109  8:34  Pylon  
  109  8:35  Gateway  
  109  8:39  Gateway  
  109  8:42  Gateway  
  109  8:44  Photon Cannon, Gateway  
  109  8:51  Colossus  
  109  8:52  Probe x2  
  117  8:56  Photon Cannon  
  117  9:00  Pylon  
  117  9:01  Pylon  
  117  9:15  Pylon  
  117  9:17  Pylon  
  117  9:18  Adept x3  
  117  9:19  Charge, Pylon  
  117  9:22  Shield Battery  
  117  9:23  Photon Cannon  
  124  9:30  Pylon  
  123  9:32  Forge  
  123  9:33  Shield Battery  
  123  9:41  Stalker  
  123  9:42  Stalker x4  
  123  9:43  Stalker  
  135  9:51  Warp Prism  
  135  9:52  Templar Archives  
  134  9:59  Stalker  
  126  10:15  Stalker x6  
  126  10:16  Protoss Ground Armor Level 2  
  126  10:17  Observer  
  138  10:32  Psionic Storm  
  138  10:35  Nexus  
  138  10:38  Pylon  
  138  10:48  High Templar x4  
  146  10:58  Stalker x3  
  146  11:00  Probe x2  
  153  11:04  Immortal  
  157  11:17  Photon Cannon  
  157  11:27  Protoss Ground Weapons Level 2  
  157  11:29  Pylon  
  157  11:33  Pylon  
  157  11:39  High Templar  
  157  11:46  Immortal  
  161  11:50  Zealot x3, High Templar x3  
  171  12:00  Archon  
  116  12:11  Stalker x4  
  102  12:16  Immortal  
  102  12:22  High Templar x3  
  102  12:29  Nexus  
  104  12:41  Sentry  
  104  12:42  Zealot x3  
  112  12:46  Protoss Ground Armor Level 3  
  112  12:47  Immortal  
  112  12:53  Zealot x3  
  122  12:59  Pylon  
  122  13:01  Pylon  
  122  13:02  Probe x3  
  122  13:05  Stalker x3  
  127  13:07  Stalker  
  133  13:21  Disruptor  
  133  13:25  High Templar x2  
  141  13:30  Pylon, Archon  
  141  13:32  Probe x3  
  143  13:42  Stalker x4  
  147  13:50  Oracle  
  150  13:56  Assimilator  
  150  13:57  Assimilator  
  150  14:01  Stalker, Nexus  
  152  14:05  Stalker x2  
  142  14:25  Stalker x5  
  142  14:30  Archon  
  134  14:32  Stalker x2  
  128  14:43  Archon  
  116  14:48  Stalker x3  
  116  14:50  Immortal  
  123  14:59  High Templar  
  119  15:00  High Templar x2  
  119  15:03  Probe  
  119  15:04  Probe x2  
  119  15:06  Stalker  
  128  15:19  Zealot x2, Sentry  
  131  15:33  Zealot x4  
  131  15:34  Immortal  
  129  15:42  Archon  
  114  15:45  Zealot  
  114  15:46  Zealot x2  
  89  15:56  Zealot x4  
  83  16:02  Stalker x3  
  88  16:10  Stalker x4  
Show
View Real Time Build Order
Export as new Build Order

Kelazhur Terran - Winner!

Build Orders:  

Get SALT Encoding   

  12  0:00  SCV  
  13  0:12  SCV  
  14  0:18  Supply Depot  
  14  0:24  SCV  
  15  0:29  Refinery  
  15  0:39  SCV  
  16  0:45  Barracks  
  16  0:51  SCV  
  17  1:04  SCV  
  18  1:16  SCV  
  20  1:32  Reaper, Orbital Command  
  20  1:45  Command Center  
  20  1:58  Factory  
  21  2:01  SCV  
  21  2:07  Barracks Reactor  
  21  2:13  SCV  
  22  2:17  Supply Depot  
  22  2:22  Refinery  
  22  2:25  SCV  
  23  2:39  SCV  
  24  2:45  Starport  
  24  2:51  SCV  
  25  2:52  Hellion x2  
  29  2:59  Orbital Command  
  29  3:03  SCV  
  30  3:14  Widow Mine x2  
  30  3:17  SCV  
  35  3:21  Medivac  
  35  3:25  SCV  
  38  3:29  SCV  
  38  3:31  Barracks Tech Lab  
  38  3:35  Widow Mine x2  
  38  3:37  SCV  
  43  3:42  SCV, Supply Depot  
  44  3:49  SCV  
  44  3:54  SCV  
  46  4:01  SCV  
  46  4:04  Supply Depot  
  46  4:07  Marine x2  
  47  4:11  SCV  
  47  4:12  Cyclone  
  47  4:13  SCV  
  50  4:23  SCV  
  48  4:25  SCV, Marine x2  
  48  4:26  Viking  
  53  4:35  SCV  
  54  4:44  SCV, Marine x2  
  55  4:48  SCV  
  55  4:50  Cyclone  
  57  4:56  SCV  
  56  5:00  SCV  
  56  5:05  Command Center  
  57  5:08  SCV  
  57  5:12  SCV  
  55  5:20  SCV  
  56  5:24  SCV  
  56  5:25  Bunker  
  57  5:31  Stimpack, Marine  
  57  5:32  SCV  
  57  5:33  Barracks x2  
  59  5:36  SCV  
  59  5:44  SCV  
  59  5:49  SCV  
  59  5:50  Marine  
  59  5:52  Widow Mine x2  
  59  5:54  Starport Reactor  
  59  5:56  Refinery  
  62  5:57  Engineering Bay, Refinery  
  62  6:00  Supply Depot  
  62  6:04  Barracks  
  62  6:05  Barracks  
  62  6:07  SCV  
  62  6:09  Marine  
  62  6:10  SCV  
  62  6:21  SCV  
  62  6:24  Orbital Command  
  62  6:25  Barracks Tech Lab  
  63  6:27  Terran Infantry Weapons Level 1, Factory Reactor  
  63  6:28  SCV, Marine x2  
  63  6:29  Marauder  
  63  6:31  Missile Turret  
  68  6:36  SCV  
  68  6:37  Supply Depot  
  69  6:40  SCV  
  69  6:44  Medivac x2  
  69  6:46  Orbital Command  
  74  6:47  Missile Turret  
  74  6:49  Marine x2  
  74  6:51  Supply Depot  
  74  6:53  SCV  
  77  6:55  Marauder  
  77  6:57  Marauder  
  77  7:01  Barracks Reactor, Barracks Tech Lab  
  81  7:04  SCV  
  81  7:07  SCV  
  83  7:11  Marine x2  
  83  7:13  Supply Depot  
  83  7:14  SCV  
  86  7:16  SCV  
  86  7:19  SCV, Missile Turret  
  86  7:20  Medivac x2  
  91  7:26  SCV  
  91  7:27  Marauder  
  91  7:28  Marauder, SCV  
  97  7:30  Combat Shield  
  97  7:31  Marauder  
  97  7:34  SCV  
  97  7:36  Supply Depot  
  100  7:38  SCV  
  101  7:45  Marine  
  101  7:46  Marine x3  
  101  7:47  SCV  
  101  7:48  SCV  
  101  7:50  SCV  
  108  7:56  Supply Depot  
  108  7:58  Marauder x3  
  114  7:59  Supply Depot, Refinery  
  104  8:16  Marine x3  
  104  8:18  Medivac x2  
  104  8:19  Marauder x3, Widow Mine x2  
  121  8:23  SCV x3  
  121  8:25  Supply Depot  
  121  8:26  Marine  
  125  8:29  Supply Depot  
  125  8:31  Terran Infantry Armor Level 1  
  125  8:35  SCV  
  125  8:39  Marine x3  
  125  8:40  Marauder  
  131  8:44  SCV x2  
  131  8:47  SCV, Refinery  
  134  8:48  Supply Depot  
  134  8:49  Marauder x2  
  134  8:50  Marine  
  134  8:51  Concussive Shells  
  134  8:55  Medivac  
  141  9:08  Marine x2  
  141  9:09  Marauder  
  141  9:10  Marauder  
  141  9:11  Medivac  
  141  9:12  Supply Depot  
  145  9:18  Marine x2  
  145  9:19  Armory, Marauder  
  145  9:21  Engineering Bay  
  145  9:22  Command Center  
  149  9:31  Marauder, Marine x2  
  149  9:36  Marauder  
  149  9:38  Starport  
  155  9:41  Marauder  
  155  9:42  Marine x2  
  156  9:56  Marauder  
  156  9:57  Viking x2  
  156  9:58  Marauder  
  163  10:00  Supply Depot  
  163  10:03  Supply Depot  
  163  10:06  Marauder  
  150  10:17  Marauder, Marine x4  
  150  10:19  Marauder  
  158  10:23  Viking  
  158  10:27  Marauder  
  162  10:29  Viking x3  
  162  10:30  Terran Infantry Weapons Level 2  
  168  10:40  Planetary Fortress, SCV x3  
  169  10:52  SCV  
  169  10:54  Marauder  
  169  10:55  Marine x3  
  169  10:56  Marauder x2  
  179  10:57  Viking  
  179  10:59  Viking  
  183  11:04  Marine  
  183  11:05  SCV x3  
  187  11:13  Marine x2  
  187  11:14  Viking x2  
  187  11:16  Marauder  
  187  11:17  Marauder, SCV  
  198  11:20  Marine  
  197  11:32  Viking  
  197  11:33  Marine  
  195  11:59  Marauder  
  195  12:00  Marauder  
  172  12:02  Marauder  
  172  12:03  Marine  
  172  12:05  Marine x2  
  172  12:06  Medivac x4  
  152  12:13  Marine  
  138  12:21  Marauder  
  138  12:22  Marauder, Marine  
  136  12:23  Marauder, Marine  
  136  12:26  Liberator x2  
  136  12:27  Terran Infantry Armor Level 2, Barracks  
  136  12:28  Refinery, Barracks  
  136  12:29  Marine, Barracks  
  140  12:30  Factory Reactor, Command Center  
  140  12:31  Liberator  
  140  12:34  Marine  
  140  12:35  Ghost Academy  
  141  12:37  Sensor Tower  
  141  12:39  Missile Turret  
  141  12:40  Marine x2  
  141  12:42  Marauder, Missile Turret  
  141  12:43  Marauder  
  156  12:51  Missile Turret  
  156  12:54  Missile Turret  
  156  12:57  Marauder, Marine x2  
  156  12:58  Marine x2  
  161  12:59  Missile Turret  
  161  13:02  SCV x3  
  161  13:03  Marine  
  168  13:05  Marauder  
  168  13:07  Liberator  
  168  13:11  Terran Infantry Weapons Level 3  
  168  13:16  Barracks Reactor, Barracks Tech Lab  
  168  13:17  Barracks Tech Lab  
  169  13:24  Marine x4  
  169  13:25  Marine  
  169  13:26  Liberator  
  176  13:28  Marauder x2  
  176  13:33  Liberator  
  180  13:41  Marauder x2  
  182  13:43  Marauder  
  183  13:49  Marauder x2  
  189  13:56  Marine x5  
  189  13:57  Marine  
  189  14:01  Ghost  
  189  14:02  Marauder  
  195  14:11  Liberator  
  195  14:13  Liberator x2  
  191  14:18  Marauder  
  191  14:19  Marauder  
  191  14:20  Marauder  
  190  14:26  Marauder  
  190  14:27  Marine x3  
  190  14:31  Marauder, Marine x3  
  175  14:34  Liberator  
  169  14:39  Marine  
  169  14:40  Marauder  
  169  14:41  Marine  
  169  14:44  Marine  
  169  14:45  Marine x2  
  162  14:48  Marauder, Marine  
  162  14:49  Marine x2  
  162  14:52  Marauder  
  164  14:54  Liberator  
  164  14:58  Marauder  
  164  14:59  Marauder  
  167  15:00  Liberator  
  167  15:01  Marauder, Liberator  
  167  15:03  Orbital Command  
  169  15:09  Marauder, Marine x4  
  169  15:14  Marauder  
  186  15:32  Marauder x2  
  186  15:33  Marauder, Marine  
  189  15:40  Marauder  
  189  15:42  Marine  
  179  15:44  Marauder  
  179  15:48  Marine x4  
  172  15:50  Marine  
  172  15:53  Marine x2  
  175  15:57  Command Center  
Tags
 
Add a new tag
Caveats
  • Supply blocks, unpowered buildings, or Contaminate may cause inaccurate times.
  • Supply counts are checked every 10 seconds.